2820 views
Uploaded 2020-03-13 18:43:18
Game version 1.32.2
13:36 long 3on3 ladder game on (8)Mur'gulOasis_LV
Saved by iggythefisk
2820 views
Uploaded 2020-03-13 18:43:18
Game version 1.32.2
13:36 long 3on3 ladder game on (8)Mur'gulOasis_LV


73 units @ 5.5k
/ 0k
141 buildings @ 6.8k
/ 3.5k



| Staff of Sanctuary | 1 | 250 |
| Orb of Fire | 1 | 325 |
| Boots of Speed | 2 | 500 |
| Staff of Teleportation | 3 | 450 |
| Circlet of Nobility | 1 | 175 |
| total: | 8 | 1700g |
| Peasant | 16 | 1200 | / | 0 |
| Priest | 1 | 135 | / | 10 |
| total: | 17 | 1335g | / | 10w |
| Scout Tower | 38 | 1140 | / | 760 |
| Arcane Tower | 2 | 140 | / | 100 |
| Guard Tower | 16 | 1120 | / | 800 |
| Altar of Kings | 1 | 180 | / | 50 |
| Farm | 5 | 400 | / | 100 |
| Lumber Mill | 1 | 120 | / | 0 |
| Arcane Vault | 1 | 130 | / | 30 |
| Arcane Sanctum | 1 | 150 | / | 140 |
| Keep | 1 | 320 | / | 210 |
| Castle | 1 | 360 | / | 210 |
| total: | 47 | 2120g | / | 1080w |
| 0:03 | Peasant |
| 0:03 | Peasant |
| 0:06 | Altar of Kings |
| 0:08 | Farm |
| 0:20 | Peasant |
| 0:28 | Peasant |
| 0:33 | Farm |
| 0:36 | Farm |
| 0:45 | Peasant |
| 0:54 | Lumber Mill |
| 1:02 | Peasant |
| 1:24 | Peasant |
| 1:39 | Peasant |
| 1:40 | Peasant |
| 1:44 | Scout Tower |
| 1:53 | Peasant |
| 1:55 | Peasant |
| 1:55 | Peasant |
| 2:09 | Summon Water Elemental |
| 2:15 | Arcane Tower |
| 2:20 | Scout Tower |
| 2:53 | Scout Tower |
| 2:54 | Scout Tower |
| 2:58 | Scout Tower |
| 3:01 | Peasant |
| 3:01 | Peasant |
| 3:23 | Guard Tower |
| 3:26 | Scout Tower |
| 3:27 | Scout Tower |
| 3:48 | Boots of Speed |
| 3:48 | Staff of Teleportation |
| 3:49 | Circlet of Nobility |
| 3:55 | Guard Tower |
| 4:33 | Peasant |
| 4:34 | Peasant |
| 4:37 | Scout Tower |
| 4:38 | Scout Tower |
| 4:41 | Scout Tower |
| 4:41 | Scout Tower |
| 4:42 | Scout Tower |
| 4:43 | Scout Tower |
| 4:44 | Scout Tower |
| 4:45 | Scout Tower |
| 4:45 | Scout Tower |
| 4:59 | Scout Tower |
| 5:01 | Scout Tower |
| 5:02 | Scout Tower |
| 5:03 | Scout Tower |
| 5:10 | Arcane Tower |
| 5:13 | Guard Tower |
| 5:30 | Keep |
| 5:31 | Guard Tower |
| 5:51 | Guard Tower |
| 5:53 | Scout Tower |
| 5:54 | Scout Tower |
| 6:32 | Guard Tower |
| 6:34 | Improved Masonry |
| 7:23 | Scout Tower |
| 7:23 | Scout Tower |
| 7:26 | Scout Tower |
| 7:28 | Scout Tower |
| 7:53 | Guard Tower |
| 8:19 | Farm |
| 8:19 | Farm |
| 8:21 | Guard Tower |
| 8:22 | Scout Tower |
| 8:23 | Scout Tower |
| 8:30 | Arcane Sanctum |
| 8:32 | Advanced Masonry |
| 8:33 | Castle |
| 8:45 | Scout Tower |
| 8:45 | Scout Tower |
| 8:46 | Scout Tower |
| 8:47 | Scout Tower |
| 9:11 | Scout Tower |
| 9:11 | Scout Tower |
| 9:25 | Guard Tower |
| 9:38 | Improved Lumber Harvesting |
| 9:40 | Guard Tower |
| 9:41 | Guard Tower |
| 10:21 | Storm Bolt |
| 10:42 | Brilliance Aura |
| 10:49 | Guard Tower |
| 10:50 | Magic Sentry |
| 10:52 | Priest |
| 10:52 | Priest Adept Training |
| 11:00 | Scout Tower |
| 11:00 | Scout Tower |
| 11:12 | Arcane Vault |
| 11:16 | Imbued Masonry |
| 11:23 | Scout Tower |
| 11:26 | Scout Tower |
| 11:29 | Guard Tower |
| 11:34 | Guard Tower |
| 11:52 | Holy Light |
| 11:53 | Guard Tower |
| 11:56 | Guard Tower |
| 13:02 | Staff of Sanctuary |
| 13:02 | Orb of Fire |
| 13:20 | Boots of Speed |
| 13:20 | Staff of Teleportation |
| 13:33 | Staff of Teleportation |
| Right click | 920 |
| Select group | 357 |
| Select | 187 |
| Build/train/purchase | 95 |
| Misc. action | 36 |
| Esc | 11 |
| Chat | 11 |
| Assign group | 7 |
| Use ability | 7 |
| Minimap ping | 1 |


| Staff of Teleportation | 1 | 150 |
| Boots of Speed | 1 | 250 |
| total: | 2 | 400g |
| Peasant | 28 | 2100 | / | 0 |
| total: | 28 | 2100g | / | 0w |
| Scout Tower | 41 | 1230 | / | 820 |
| Arcane Tower | 3 | 210 | / | 150 |
| Guard Tower | 32 | 2240 | / | 1600 |
| Altar of Kings | 1 | 180 | / | 50 |
| Farm | 4 | 320 | / | 80 |
| Lumber Mill | 1 | 120 | / | 0 |
| Town Hall | 1 | 385 | / | 205 |
| Arcane Vault | 1 | 130 | / | 30 |
| Keep | 1 | 320 | / | 210 |
| total: | 49 | 2365g | / | 1185w |
| 0:01 | Peasant |
| 0:04 | Altar of Kings |
| 0:05 | Peasant |
| 0:17 | Farm |
| 0:30 | Peasant |
| 0:34 | Peasant |
| 0:49 | Lumber Mill |
| 0:52 | Peasant |
| 1:01 | Peasant |
| 1:09 | Peasant |
| 1:14 | Farm |
| 1:21 | Peasant |
| 1:37 | Peasant |
| 1:41 | Scout Tower |
| 1:49 | Peasant |
| 2:05 | Summon Water Elemental |
| 2:07 | Arcane Tower |
| 2:09 | Scout Tower |
| 2:16 | Scout Tower |
| 2:25 | Peasant |
| 2:26 | Peasant |
| 2:36 | Guard Tower |
| 2:37 | Scout Tower |
| 2:38 | Scout Tower |
| 2:39 | Scout Tower |
| 2:42 | Scout Tower |
| 3:19 | Peasant |
| 3:20 | Peasant |
| 4:02 | Peasant |
| 4:03 | Peasant |
| 4:04 | Scout Tower |
| 4:05 | Scout Tower |
| 4:09 | Guard Tower |
| 4:09 | Guard Tower |
| 4:10 | Scout Tower |
| 4:12 | Scout Tower |
| 4:19 | Guard Tower |
| 4:37 | Scout Tower |
| 4:38 | Scout Tower |
| 4:41 | Guard Tower |
| 4:41 | Guard Tower |
| 4:43 | Scout Tower |
| 4:43 | Scout Tower |
| 4:49 | Scout Tower |
| 4:58 | Scout Tower |
| 5:02 | Improved Masonry |
| 5:02 | Advanced Masonry |
| 5:06 | Arcane Tower |
| 5:07 | Guard Tower |
| 5:07 | Peasant |
| 5:09 | Guard Tower |
| 5:11 | Guard Tower |
| 5:18 | Scout Tower |
| 5:28 | Scout Tower |
| 5:29 | Scout Tower |
| 5:31 | Peasant |
| 5:33 | Farm |
| 5:37 | Guard Tower |
| 5:43 | Scout Tower |
| 5:59 | Guard Tower |
| 6:04 | Scout Tower |
| 6:18 | Guard Tower |
| 6:26 | Guard Tower |
| 6:27 | Brilliance Aura |
| 6:36 | Peasant |
| 6:36 | Peasant |
| 6:43 | Guard Tower |
| 7:14 | Town Hall |
| 7:31 | Keep |
| 8:25 | Scout Tower |
| 8:47 | Staff of Teleportation |
| 8:48 | Boots of Speed |
| 9:02 | Guard Tower |
| 9:09 | Peasant |
| 9:09 | Peasant |
| 9:11 | Peasant |
| 9:23 | Farm |
| 9:31 | Scout Tower |
| 9:33 | Scout Tower |
| 9:34 | Scout Tower |
| 9:52 | Peasant |
| 10:00 | Guard Tower |
| 10:00 | Imbued Masonry |
| 10:10 | Guard Tower |
| 10:11 | Peasant |
| 10:12 | Peasant |
| 10:53 | Peasant |
| 10:53 | Peasant |
| 11:04 | Scout Tower |
| 11:05 | Scout Tower |
| 11:06 | Scout Tower |
| 11:11 | Scout Tower |
| 11:12 | Storm Bolt |
| 11:24 | Scout Tower |
| 11:25 | Scout Tower |
| 11:26 | Scout Tower |
| 11:26 | Scout Tower |
| 11:34 | Guard Tower |
| 11:35 | Guard Tower |
| 11:38 | Scout Tower |
| 11:47 | Scout Tower |
| 11:56 | Summon Water Elemental |
| 12:02 | Guard Tower |
| 12:16 | Guard Tower |
| 12:17 | Scout Tower |
| 12:39 | Guard Tower |
| 12:42 | Scout Tower |
| 12:42 | Scout Tower |
| 12:43 | Scout Tower |
| 12:55 | Guard Tower |
| 13:09 | Scout Tower |
| 13:23 | Arcane Vault |
| Right click | 961 |
| Select | 556 |
| Build/train/purchase | 107 |
| Select group | 67 |
| Assign group | 40 |
| Chat | 31 |
| Use ability | 10 |
| Minimap ping | 3 |
| Remove unit | 1 |
iggythefisk
(13:35) : 
| Scroll of Regeneration | 3 | 300 |
| Mechanical Critter | 2 | 100 |
| Lesser Clarity Potion | 1 | 70 |
| total: | 6 | 470g |
| Peasant | 28 | 2100 | / | 0 |
| total: | 28 | 2100g | / | 0w |
| Scout Tower | 33 | 990 | / | 660 |
| Guard Tower | 18 | 1260 | / | 900 |
| Arcane Tower | 3 | 210 | / | 150 |
| Altar of Kings | 1 | 180 | / | 50 |
| Lumber Mill | 1 | 120 | / | 0 |
| Farm | 6 | 480 | / | 120 |
| Arcane Vault | 1 | 130 | / | 30 |
| Blacksmith | 1 | 140 | / | 60 |
| Workshop | 2 | 280 | / | 280 |
| Keep | 2 | 640 | / | 420 |
| Castle | 1 | 360 | / | 210 |
| total: | 45 | 2320g | / | 1200w |
| 0:01 | Peasant |
| 0:03 | Altar of Kings |
| 0:08 | Peasant |
| 0:19 | Lumber Mill |
| 0:20 | Peasant |
| 0:24 | Farm |
| 0:26 | Peasant |
| 0:41 | Peasant |
| 0:52 | Peasant |
| 1:01 | Farm |
| 1:27 | Peasant |
| 1:31 | Peasant |
| 1:32 | Improved Masonry |
| 1:41 | Peasant |
| 1:51 | Scout Tower |
| 1:54 | Scout Tower |
| 1:56 | Peasant |
| 2:06 | Peasant |
| 2:11 | Summon Water Elemental |
| 2:15 | Peasant |
| 2:22 | Guard Tower |
| 2:31 | Peasant |
| 2:37 | Peasant |
| 2:40 | Farm |
| 2:54 | Scout Tower |
| 2:54 | Scout Tower |
| 2:55 | Peasant |
| 3:11 | Peasant |
| 3:18 | Scout Tower |
| 3:19 | Scout Tower |
| 3:20 | Peasant |
| 3:21 | Guard Tower |
| 3:37 | Peasant |
| 3:39 | Guard Tower |
| 3:41 | Scout Tower |
| 3:58 | Scout Tower |
| 4:07 | Peasant |
| 4:45 | Scout Tower |
| 4:49 | Scout Tower |
| 4:52 | Scout Tower |
| 4:57 | Peasant |
| 5:05 | Scout Tower |
| 5:06 | Scout Tower |
| 5:08 | Peasant |
| 5:11 | Scout Tower |
| 5:15 | Scout Tower |
| 5:18 | Scout Tower |
| 5:19 | Scout Tower |
| 5:20 | Scout Tower |
| 5:20 | Peasant |
| 5:22 | Scout Tower |
| 5:23 | Scout Tower |
| 5:27 | Arcane Tower |
| 5:27 | Guard Tower |
| 5:31 | Arcane Vault |
| 5:33 | Scout Tower |
| 5:34 | Guard Tower |
| 5:43 | Scout Tower |
| 5:45 | Scout Tower |
| 5:47 | Scout Tower |
| 5:48 | Peasant |
| 6:05 | Guard Tower |
| 6:10 | Arcane Tower |
| 6:12 | Peasant |
| 6:12 | Peasant |
| 6:16 | Guard Tower |
| 6:24 | Scroll of Regeneration |
| 6:36 | Guard Tower |
| 6:39 | Scout Tower |
| 6:41 | Scout Tower |
| 6:42 | Scout Tower |
| 6:45 | Guard Tower |
| 6:48 | Scout Tower |
| 6:50 | Peasant |
| 6:50 | Peasant |
| 7:01 | Peasant |
| 7:18 | Guard Tower |
| 7:20 | Scout Tower |
| 7:23 | Keep |
| 7:30 | Guard Tower |
| 8:04 | Scroll of Regeneration |
| 8:12 | Guard Tower |
| 8:16 | Farm |
| 8:21 | Guard Tower |
| 8:25 | Mechanical Critter |
| 8:25 | Mechanical Critter |
| 8:40 | Blacksmith |
| 8:52 | Scout Tower |
| 8:53 | Scout Tower |
| 9:11 | Farm |
| 9:21 | Scroll of Regeneration |
| 9:21 | Lesser Clarity Potion |
| 9:27 | Guard Tower |
| 9:51 | Guard Tower |
| 9:53 | Workshop |
| 9:56 | Workshop |
| 10:26 | Scout Tower |
| 10:28 | Black Gunpowder |
| 11:02 | Guard Tower |
| 11:06 | Scout Tower |
| 11:21 | Castle |
| 11:35 | Guard Tower |
| 11:39 | Brilliance Aura |
| 12:09 | Refined Gunpowder |
| 12:11 | Iron Plating |
| 12:14 | Farm |
| Right click | 791 |
| Assign group | 407 |
| Select | 304 |
| Chat | 220 |
| Select group | 176 |
| Build/train/purchase | 111 |
| Resource trade | 21 |
| Misc. action | 10 |
| Use ability | 5 |
| Remove unit | 2 |
| Item give/drop | 1 |
74 units @ 9.2k
/ 1k
36 buildings @ 6.2k
/ 2.4k

| Lesser Clarity Potion | 2 | 140 |
| Scroll of Town Portal | 1 | 350 |
| Scroll of Speed | 1 | 50 |
| total: | 4 | 540g |
| Wisp | 12 | 720 | / | 0 |
| Archer | 10 | 1300 | / | 100 |
| Hippogryph | 4 | 640 | / | 80 |
| Glaive Thrower | 4 | 840 | / | 260 |
| total: | 30 | 3500g | / | 440w |
| Altar of Elders | 1 | 180 | / | 50 |
| Moon Well | 6 | 1080 | / | 240 |
| Ancient of War | 1 | 150 | / | 60 |
| Ancient of Wonders | 1 | 90 | / | 30 |
| Hunter's Hall | 1 | 210 | / | 100 |
| Ancient of Wind | 2 | 300 | / | 280 |
| Tree of Ages | 2 | 640 | / | 360 |
| Tree of Eternity | 2 | 660 | / | 400 |
| total: | 12 | 2010g | / | 760w |
| 0:02 | Wisp |
| 0:02 | Wisp |
| 0:08 | Altar of Elders |
| 0:17 | Moon Well |
| 0:31 | Wisp |
| 0:33 | Wisp |
| 0:36 | Wisp |
| 0:46 | Ancient of War |
| 0:58 | Wisp |
| 0:58 | Wisp |
| 0:59 | Wisp |
| 0:59 | Wisp |
| 1:04 | Wisp |
| 1:32 | Moon Well |
| 1:48 | Moon Well |
| 2:00 | Ancient of Wonders |
| 2:04 | Archer |
| 2:17 | Force of Nature |
| 2:48 | Archer |
| 2:48 | Archer |
| 2:48 | Archer |
| 3:30 | Tree of Ages |
| 3:49 | Archer |
| 3:50 | Archer |
| 4:56 | Hunter's Hall |
| 5:00 | Moon Well |
| 5:03 | Lesser Clarity Potion |
| 5:03 | Lesser Clarity Potion |
| 5:29 | Entangling Roots |
| 6:03 | Ancient of Wind |
| 6:06 | Wisp |
| 6:06 | Wisp |
| 6:09 | Ancient of Wind |
| 6:13 | Ultravision |
| 6:13 | Strength of the Moon |
| 6:14 | Moon Armor |
| 6:21 | Scroll of Town Portal |
| 6:50 | Improved Bows |
| 6:52 | Vorpal Blades |
| 7:42 | Hippogryph |
| 7:42 | Hippogryph |
| 7:48 | Scroll of Speed |
| 8:13 | Archer |
| 8:13 | Archer |
| 9:30 | Improved Strength of the Moon |
| 9:31 | Improved Moon Armor |
| 9:39 | Hippogryph |
| 10:19 | Hippogryph |
| 10:20 | Archer |
| 10:20 | Archer |
| 10:24 | Force of Nature |
| 11:28 | Tree of Eternity |
| 11:31 | Glaive Thrower |
| 11:31 | Glaive Thrower |
| 11:31 | Glaive Thrower |
| 11:31 | Glaive Thrower |
| 12:23 | Moon Well |
| 12:25 | Moon Well |
| Right click | 388 |
| Select | 127 |
| Assign group | 96 |
| Build/train/purchase | 56 |
| Select group | 41 |
| Use ability | 15 |

| Wisp | 10 | 600 | / | 0 |
| Archer | 4 | 520 | / | 40 |
| Glaive Thrower | 1 | 210 | / | 65 |
| total: | 15 | 1330g | / | 105w |
| Ancient Protector | 3 | 405 | / | 240 |
| Altar of Elders | 1 | 180 | / | 50 |
| Moon Well | 4 | 720 | / | 160 |
| Ancient of War | 1 | 150 | / | 60 |
| Ancient of Wonders | 1 | 90 | / | 30 |
| Hunter's Hall | 1 | 210 | / | 100 |
| Tree of Life | 2 | 680 | / | 370 |
| total: | 13 | 2435g | / | 1010w |
| 0:03 | Wisp |
| 0:07 | Altar of Elders |
| 0:12 | Wisp |
| 0:19 | Moon Well |
| 0:24 | Wisp |
| 0:34 | Wisp |
| 0:44 | Ancient of War |
| 0:47 | Wisp |
| 0:59 | Wisp |
| 1:36 | Wisp |
| 1:46 | Archer |
| 1:54 | Moon Well |
| 1:59 | Ancient of Wonders |
| 2:02 | Wisp |
| 2:05 | Archer |
| 2:37 | Shadow Strike |
| 2:54 | Hunter's Hall |
| 2:56 | Archer |
| 3:35 | Archer |
| 3:52 | Wisp |
| 3:52 | Wisp |
| 4:18 | Ancient Protector |
| 4:32 | Ancient Protector |
| 4:49 | Ancient Protector |
| 5:09 | Moon Well |
| 5:12 | Moon Well |
| 5:33 | Glaive Thrower |
| 8:43 | Tree of Life |
| 9:10 | Tree of Life |
| Right click | 397 |
| Select | 154 |
| Build/train/purchase | 23 |
| Use ability | 20 |
| Resource trade | 16 |
| Minimap ping | 7 |
| Chat | 6 |

| Lesser Clarity Potion | 1 | 70 |
| Healing Salve | 1 | 100 |
| total: | 2 | 170g |
| Peon | 8 | 600 | / | 0 |
| Grunt | 7 | 1400 | / | 0 |
| Troll Headhunter | 9 | 1260 | / | 180 |
| Demolisher | 4 | 880 | / | 200 |
| Raider | 1 | 180 | / | 40 |
| total: | 29 | 4320g | / | 420w |
| Altar of Storms | 1 | 180 | / | 50 |
| Barracks | 2 | 360 | / | 100 |
| Orc Burrow | 4 | 640 | / | 160 |
| Voodoo Lounge | 1 | 130 | / | 30 |
| War Mill | 1 | 205 | / | 0 |
| Beastiary | 2 | 290 | / | 280 |
| Stronghold | 1 | 315 | / | 190 |
| Fortress | 1 | 325 | / | 190 |
| total: | 11 | 1805g | / | 620w |
| 0:03 | Peon |
| 0:03 | Peon |
| 0:07 | Altar of Storms |
| 0:25 | Barracks |
| 0:29 | Peon |
| 0:42 | Orc Burrow |
| 0:45 | Peon |
| 0:58 | Peon |
| 1:17 | Peon |
| 1:31 | Orc Burrow |
| 1:40 | Grunt |
| 1:48 | Peon |
| 2:01 | Peon |
| 2:16 | Voodoo Lounge |
| 2:24 | Orc Burrow |
| 2:40 | Feral Spirit |
| 2:49 | Grunt |
| 3:45 | War Mill |
| 3:54 | Barracks |
| 3:59 | Grunt |
| 4:25 | Grunt |
| 4:52 | Grunt |
| 5:01 | Orc Burrow |
| 5:16 | Lesser Clarity Potion |
| 6:10 | Stronghold |
| 6:12 | Grunt |
| 6:18 | Grunt |
| 6:31 | Chain Lighting |
| 7:23 | Steel Ranged Weapons |
| 7:26 | Troll Headhunter |
| 7:27 | Troll Headhunter |
| 8:11 | Troll Headhunter |
| 8:12 | Troll Headhunter |
| 8:45 | Demolisher |
| 8:46 | Demolisher |
| 9:22 | Troll Regeneration |
| 9:24 | Healing Salve |
| 9:36 | Troll Headhunter |
| 9:38 | Fortress |
| 10:34 | Troll Headhunter |
| 10:36 | Troll Headhunter |
| 10:38 | Thorium Ranged Weapons |
| 10:42 | Beastiary |
| 10:48 | Beastiary |
| 11:03 | Troll Headhunter |
| 11:04 | Troll Headhunter |
| 11:46 | Demolisher |
| 11:47 | Demolisher |
| 12:29 | Raider |
| Right click | 201 |
| Select | 156 |
| Build/train/purchase | 51 |
| Use ability | 10 |
⇛